3L
LOUISVILLE BC @ KINGSTON TOWNSHIP LEGION
08/11/2025
 
TOP OF THE 1ST
Louisville BC batting - Pitching for Kingston Township Legion : LHP Shigemasa Horiuchi
Pitching: LHP Shigemasa Horiuchi
Batting: SHB Eddie Ménard 0-0: Called Strike
0-1: Foul Ball, location: 2F
0-2: Strikes out swinging, 2-3 out at first.
Batting: RHB Roland Deschain 0-0: Ball
1-0: Ball
2-0: Fly out, F7 (Line Drive, 7)
Batting: RHB José López 0-0: Ball
1-0: Ball
2-0: Called Strike
2-1: SINGLE (Flyball, 8RS)
Batting: LHB Luis Velázquez 0-0: Called Strike
0-1: Ball
1-1: Ground out 4-3 (Groundball, 34)
Top of the 1st over - 0 run(s), 1 hit(s), 0 error(s), 1 left on base; Louisville 0 - Kingston Township 0
BOTTOM OF THE 1ST
Kingston Township Legion batting - Pitching for Louisville BC : RHP Leroy Picot
Pitching: RHP Leroy Picot
Batting: LHB Christian Blair 0-0: Ball
1-0: Ball
2-0: Fly out, F7 (Flyball, 7LS)
Batting: LHB Andrés Chávez 0-0: Called Strike
0-1: Called Strike
0-2: Foul Ball, location: 2F
0-2: Ball
1-2: Ball
2-2: Ball
3-2: Base on Balls
Batting: RHB Clarence Neal 0-0: Ball
1-0: Ball
2-0: Foul Ball, location: 2F
2-1: Foul Ball, location: 2F
2-2: Ball
3-2: Strikes out looking
Andrés Chávez steals 2nd base
Batter strikes out.
Batting: RHB Jeffery Campbell 0-0: Ball
1-0: Ball
2-0: Foul Ball, location: 2F
2-1: Ball
3-1: Called Strike
3-2: Fly out, F8 (Flyball, 8LD)
Bottom of the 1st over - 0 run(s), 0 hit(s), 0 error(s), 1 left on base; Louisville 0 - Kingston Township 0
TOP OF THE 2ND
Louisville BC batting - Pitching for Kingston Township Legion : LHP Shigemasa Horiuchi
Batting: RHB Roy Herring 0-0: Foul Ball, location: 2F
0-1: Ball
1-1: Swinging Strike
1-2: Strikes out swinging
Batting: SHB Chris Williamson 0-0: Called Strike
0-1: Ball
1-1: Called Strike
1-2: Ball
2-2: Ball
3-2: Ground out 5-3 (Groundball, 56S)
Batting: LHB Ray Anderson 0-0: Ball
1-0: Foul Ball, location: 2F
1-1: Swinging Strike
1-2: Foul Ball, location: 2F
1-2: Ground out 5-3 (Groundball, 25)
Top of the 2nd over - 0 run(s), 0 hit(s), 0 error(s), 0 left on base; Louisville 0 - Kingston Township 0
BOTTOM OF THE 2ND
Kingston Township Legion batting - Pitching for Louisville BC : RHP Leroy Picot
Batting: RHB José Icaza 0-0: Called Strike
0-1: Swinging Strike
0-2: Foul Ball, location: 2F
0-2: Strikes out swinging
Batting: RHB Pedro Mendoza 0-0: SINGLE (Groundball, 56D)
Batting: RHB Juan Aguirre 0-0: Ball
1-0: Reached on error, E5 (Groundball, 56)
Pedro Mendoza to second
Batting: LHB Forrest McCooke 0-0: Ball
1-0: Ball
2-0: Ball
Wild Pitch!
Pedro Mendoza to third
Juan Aguirre to second
3-0: Called Strike
3-1: Base on Balls
Batting: LHB Martín Núñes 0-0: Ball
1-0: Called Strike
1-1: Fly out, F7 (Flyball, 7LM)
Runner from 3rd tags up, SCORES, throw made
Batting: LHB Christian Blair 0-0: Ball
1-0: Ball
2-0: Foul Ball, location: 2F
2-1: Swinging Strike
2-2: Ball
Wild Pitch!
Juan Aguirre to third
Forrest McCooke to second
3-2: Foul Ball, location: 2F
3-2: Fly out, F9 (Flyball, 9D)
Bottom of the 2nd over - 1 run(s), 1 hit(s), 1 error(s), 2 left on base; Louisville 0 - Kingston Township 1
TOP OF THE 3RD
Louisville BC batting - Pitching for Kingston Township Legion : LHP Shigemasa Horiuchi
Batting: LHB António González 0-0: Ball
1-0: Ground out 4-3 (Groundball, 4)
Batting: LHB Joram Nelen 0-0: Foul Ball, location: 2F
0-1: Called Strike
0-2: Foul Ball, location: 2F
0-2: Strikes out swinging
Batting: SHB Eddie Ménard 0-0: Ball
1-0: Swinging Strike
1-1: Foul Ball, location: 2F
1-2: Strikes out swinging
Top of the 3rd over - 0 run(s), 0 hit(s), 0 error(s), 0 left on base; Louisville 0 - Kingston Township 1
BOTTOM OF THE 3RD
Kingston Township Legion batting - Pitching for Louisville BC : RHP Leroy Picot
Batting: LHB Andrés Chávez 0-0: Fly out, F8 (Flyball, 89S)
Batting: RHB Clarence Neal 0-0: Called Strike
0-1: Foul Ball, location: 2F
0-2: SINGLE (Groundball, 56D)
Batting: RHB Jeffery Campbell Pickoff Throw to First - Out!
0-0: Ball
1-0: Called Strike
1-1: Ground out U3 (Groundball, 3D)
Bottom of the 3rd over - 0 run(s), 1 hit(s), 0 error(s), 0 left on base; Louisville 0 - Kingston Township 1
TOP OF THE 4TH
Louisville BC batting - Pitching for Kingston Township Legion : LHP Shigemasa Horiuchi
Batting: RHB Roland Deschain 0-0: Called Strike
0-1: Single, Error in OF, E7, batter to second base
Batting: RHB José López 0-0: Called Strike
0-1: Ball
1-1: Ball
2-1: Foul Ball, location: 2F
2-2: Strikes out looking
Batting: LHB Luis Velázquez 0-0: Reached on error, E8 (Flyball, 8LM)
Roland Deschain to third
Batting: RHB Roy Herring 0-0: Ball
1-0: Called Strike
1-1: Grounds into double play, 5-4-3 (Groundball, 5L)
Top of the 4th over - 0 run(s), 1 hit(s), 2 error(s), 1 left on base; Louisville 0 - Kingston Township 1
BOTTOM OF THE 4TH
Kingston Township Legion batting - Pitching for Louisville BC : RHP Leroy Picot
Batting: RHB José Icaza 0-0: Fly out, F3 (Popup, 34)
Batting: RHB Pedro Mendoza 0-0: Foul Ball, location: 2F
0-1: Fly out, F7 (Line Drive, 7)
Batting: RHB Juan Aguirre 0-0: Called Strike
0-1: Ball
1-1: Called Strike
1-2: Foul Ball, location: 2F
1-2: Ball
2-2: Ground out 5-3 (Groundball, 56)
Bottom of the 4th over - 0 run(s), 0 hit(s), 0 error(s), 0 left on base; Louisville 0 - Kingston Township 1
TOP OF THE 5TH
Louisville BC batting - Pitching for Kingston Township Legion : LHP Shigemasa Horiuchi
Batting: SHB Chris Williamson 0-0: Ball
1-0: Ball
2-0: Swinging Strike
2-1: Foul Ball, location: 2F
2-2: Strikes out looking
Batting: LHB Ray Anderson 0-0: Ball
1-0: Called Strike
1-1: TRIPLE (Line Drive, 3L)
Batting: LHB António González 0-0: Ball
1-0: Called Strike
1-1: Ball
2-1: Foul Ball, location: 2F
2-2: Ball
3-2: Strikes out swinging
Batting: LHB Joram Nelen 0-0: Swinging Strike
0-1: Foul Ball, location: 2F
0-2: Ball
1-2: Ball
2-2: Foul Ball, location: 2F
2-2: Strikes out swinging
Top of the 5th over - 0 run(s), 1 hit(s), 0 error(s), 1 left on base; Louisville 0 - Kingston Township 1
BOTTOM OF THE 5TH
Kingston Township Legion batting - Pitching for Louisville BC : RHP Leroy Picot
Batting: LHB Forrest McCooke 0-0: TRIPLE (Line Drive, 89M)
Batting: LHB Martín Núñes 0-0: Called Strike
0-1: Ball
1-1: Foul Ball, location: 2F
1-2: Foul Ball, location: 2F
1-2: SINGLE (Groundball, 34D)
Forrest McCooke scores
Pitching: LHP Mathies Pilegaard
Batting: LHB Christian Blair 0-0: Foul Ball, location: 2F
0-1: DOUBLE (Line Drive, 8RXD)
Martín Núñes to third
Batting: LHB Andrés Chávez 0-0: Fly out, F4 (Popup, 3D)
Batting: RHB Clarence Neal 0-0: Called Strike
0-1: Ball
1-1: Foul Ball, location: 2F
1-2: DOUBLE (Flyball, 78XD)
Martín Núñes scores
Christian Blair scores
Batting: RHB Jeffery Campbell 0-0: Intentional Walk
Batting: RHB José Icaza 0-0: Called Strike
0-1: Ball
1-1: DOUBLE (Line Drive, 7LS)
Clarence Neal scores
Jeffery Campbell to third
Batting: RHB Pedro Mendoza 0-0: Called Strike
0-1: Ball
1-1: Fly out, F5 (Popup, 5)
Batting: RHB Juan Aguirre 0-0: Called Strike
0-1: Ground out 6-3 (Groundball, 56)
Bottom of the 5th over - 4 run(s), 5 hit(s), 0 error(s), 2 left on base; Louisville 0 - Kingston Township 5
TOP OF THE 6TH
Louisville BC batting - Pitching for Kingston Township Legion : LHP Shigemasa Horiuchi
Batting: SHB Eddie Ménard 0-0: Swinging Strike
0-1: Ball
1-1: Foul Ball, location: 2F
1-2: Strikes out swinging
Batting: RHB Roland Deschain 0-0: Fly out, F6 (Flyball, 56D)
Batting: RHB José López 0-0: Fly out, F9 (Line Drive, 9S)
Top of the 6th over - 0 run(s), 0 hit(s), 0 error(s), 0 left on base; Louisville 0 - Kingston Township 5
BOTTOM OF THE 6TH
Kingston Township Legion batting - Pitching for Louisville BC : LHP Mathies Pilegaard
Batting: LHB Forrest McCooke 0-0: Foul Ball, location: 2F
0-1: Swinging Strike
0-2: Strikes out swinging
Batting: LHB Martín Núñes 0-0: Foul Ball, location: 2F
0-1: Fly out, F9 (Flyball, 89M)
Batting: LHB Christian Blair 0-0: Foul Ball, location: 2F
0-1: DOUBLE (Flyball, 78D)
Batting: LHB Andrés Chávez 0-0: Called Strike
0-1: Fly out, F7 (Line Drive, 7S)
Bottom of the 6th over - 0 run(s), 1 hit(s), 0 error(s), 1 left on base; Louisville 0 - Kingston Township 5
TOP OF THE 7TH
Louisville BC batting - Pitching for Kingston Township Legion : LHP Shigemasa Horiuchi
Batting: LHB Luis Velázquez 0-0: Ball
1-0: SINGLE (Groundball, 4MD)
Batting: RHB Roy Herring 0-0: Called Strike
0-1: Ball
1-1: Ball
2-1: Called Strike
2-2: Fly out, F7 (Line Drive, 7)
Batting: SHB Chris Williamson 0-0: Foul Ball, location: 2F
0-1: Ball
1-1: Ball
2-1: Fly out, F9 (Flyball, 89D)
Batting: LHB Ray Anderson 0-0: Called Strike
0-1: DOUBLE (Line Drive, 89XD)
Luis Velázquez to third
Runner from 3rd tries for Home, throw and OUT!
Top of the 7th over - 0 run(s), 2 hit(s), 0 error(s), 1 left on base; Louisville 0 - Kingston Township 5
BOTTOM OF THE 7TH
Kingston Township Legion batting - Pitching for Louisville BC : LHP Mathies Pilegaard
Batting: RHB Clarence Neal 0-0: Called Strike
0-1: Foul Ball, location: 2F
0-2: Hit by Pitch
Batting: RHB Jeffery Campbell 0-0: Fly out, F8 (Flyball, 8LD)
Batting: RHB José Icaza 0-0: Ball
1-0: Ball
2-0: Foul Ball, location: 2F
2-1: Foul Ball, location: 2F
2-2: Foul Ball, location: 2F
2-2: Ball
3-2: Strikes out swinging
Batting: RHB Pedro Mendoza 0-0: Fly out, F7 (Flyball, 78S)
Bottom of the 7th over - 0 run(s), 0 hit(s), 0 error(s), 1 left on base; Louisville 0 - Kingston Township 5
TOP OF THE 8TH
Louisville BC batting - Pitching for Kingston Township Legion : LHP Shigemasa Horiuchi
Batting: LHB António González 0-0: Called Strike
0-1: Foul Ball, location: 2F
0-2: Ball
1-2: Strikes out swinging
Batting: LHB Joram Nelen 0-0: Ball
1-0: Fly out, F7 (Flyball, 7LSF)
Batting: SHB Eddie Ménard 0-0: Called Strike
0-1: Foul Ball, location: 2F
0-2: Foul Ball, location: 2F
0-2: Foul Ball, location: 2F
0-2: Foul Ball, location: 2F
0-2: Ball
1-2: Ball
2-2: Ball
3-2: Foul Ball, location: 2F
3-2: Foul Ball, location: 2F
3-2: Ground out 5-3 (Groundball, 56)
Top of the 8th over - 0 run(s), 0 hit(s), 0 error(s), 0 left on base; Louisville 0 - Kingston Township 5
BOTTOM OF THE 8TH
Kingston Township Legion batting - Pitching for Louisville BC : LHP Mathies Pilegaard
Batting: RHB Juan Aguirre 0-0: Called Strike
0-1: Ball
1-1: SINGLE (Groundball, 6D)
Batting: LHB Forrest McCooke 0-0: Ball
1-0: Foul Ball, location: 2F
1-1: Ball
2-1: Fielders Choice at 2nd, 4-6 (Groundball, 4)
Batting: LHB Martín Núñes 0-0: Called Strike
0-1: Swinging Strike
0-2: Strikes out swinging
Batting: LHB Christian Blair 0-0: Ball
Forrest McCooke is caught stealing 2nd base
Bottom of the 8th over - 0 run(s), 1 hit(s), 0 error(s), 0 left on base; Louisville 0 - Kingston Township 5
TOP OF THE 9TH
Louisville BC batting - Pitching for Kingston Township Legion : LHP Shigemasa Horiuchi
Pitching: LHP Il-young Kim
Batting: RHB Roland Deschain 0-0: Called Strike
0-1: Foul Ball, location: 2F
0-2: Strikes out swinging
Batting: RHB José López 0-0: Called Strike
0-1: Fly out, F4 (Popup, 34D)
Batting: LHB Luis Velázquez 0-0: Ball
1-0: Ball
2-0: Called Strike
2-1: Swinging Strike
2-2: Strikes out swinging
Top of the 9th over - 0 run(s), 0 hit(s), 0 error(s), 0 left on base; Louisville 0 - Kingston Township 5
Friday, December 30th, 2016 - OOTP Baseball 17.12 Build 75